 Dungeon Crawl Stone Soup version 0.21.1 (webtiles) character file.

33217 hpc the Cleaver (level 13, -9/119 HPs)
             Began as a Minotaur Fighter on Feb 2, 2018.
             Was a High Priest of Qazlal.
             Mangled by a catoblepas (51 damage)
             ... on level 6 of the Lair of Beasts.
             The game lasted 00:28:49 (12723 turns).

hpc the Cleaver (Minotaur Fighter)                 Turns: 12723, Time: 00:28:49

Health: -9/119     AC: 21    Str: 22    XL:     13   Next: 35%
Magic:  18/18      EV:  7    Int:  5    God:    Qazlal [*****.]
Gold:   756        SH:  0    Dex: 14    Spells: 12/12 levels left

rFire    . . .     SeeInvis .   a - +1 war axe (chop)
rCold    . . .     Gourm    .   c - +0 shield
rNeg     . . .     Faith    .   n - +0 plate armour
rPois    .         Spirit   .   (helmet restricted)
rElec    .         Reflect  .   C - scarf {repulsion}
rCorr    .         Harm     .   K - +1 pair of gloves
MR       .....                  (no boots)
Stlth    ..........             (no amulet)
HPRegen  0.29/turn              (no ring)
MPRegen  0.16/turn              (no ring)

@: sleeping, protected from physical damage, repel missiles
A: retaliatory headbutt, horns 2
a: Upheaval, Elemental Force, Disaster Area, Renounce Religion


You were on level 6 of the Lair of Beasts.
You worshipped Qazlal.
Qazlal was extremely pleased with you.
You were not hungry.

You visited 3 branches of the dungeon, and saw 16 of its levels.
You also visited: Sewer.

You collected 756 gold pieces.

Inventory:

Hand Weapons
 a - a +1 war axe of chopping (weapon)
 O - a +0 morningstar
Missiles
 h - 79 bolts
 E - 2 javelins of penetration (quivered)
Armour
 c - a +0 shield (worn)
 n - a +0 plate armour (worn)
 x - the +0 pair of gloves "Dohiot" {*Slow MR+ Regen+ Dex+3}
   (You found it on level 4 of the Dungeon)

   It affects your dexterity (+3).
   It affects your resistance to hostile enchantments.
   It increases your rate of regeneration.
   It may slow you when you take damage.
 C - a scarf of repulsion (worn)
 K - a +1 pair of gloves (worn)
Jewellery
 o - an uncursed amulet of harm {unknown}
 s - an uncursed ring of resist corrosion {unknown}
 D - an uncursed ring of magical power {unknown}
 F - a +4 ring of dexterity {unknown}
 G - a +2 ring of dexterity {unknown}
 H - a cursed amulet of inaccuracy {unknown}
 I - a cursed ring of teleportation {unknown}
 T - an uncursed ring of see invisible {unknown}
 U - a cursed ring of teleportation {unknown}
 X - a cursed +4 ring of protection {unknown}
Wands
 m - a wand of enslavement (13)
 w - a wand of random effects (39)
 J - a wand of acid (14)
 P - a wand of flame (60)
 Q - a wand of polymorph (53)
 R - a wand of scattershot (3)
 V - a wand of paralysis (16)
 W - a wand of disintegration (14)
Scrolls
 b - 5 scrolls of remove curse
 d - 4 scrolls of enchant weapon
 e - 12 scrolls of teleportation
 g - 5 scrolls of immolation
 i - a scroll of magic mapping
 j - 7 scrolls of amnesia
 k - 8 scrolls of identify
 t - a scroll of enchant armour
 y - a scroll of fear
 L - a scroll of blinking
 N - a scroll of holy word {unknown}
Potions
 l - 2 potions of ambrosia
 p - 5 potions of heal wounds
 q - 4 potions of flight
 r - 6 potions of curing
 v - 2 potions of mutation
 z - 3 potions of haste
 A - 2 potions of agility
 B - a potion of lignification
 M - a potion of cancellation {unknown}
 Y - a potion of magic
Books
 u - a book of Minor Magic

   Spells                             Type                      Level
   a - Magic Dart                     Conjuration                  1
   b - Blink                          Translocation                2
   c - Call Imp                       Summoning                    2
   d - Slow                           Hexes                        2
   e - Conjure Flame                  Conjuration/Fire             3
   f - Mephitic Cloud                 Conjuration/Poison/Air       3
Miscellaneous
 Z - a sack of spiders
Comestibles
 f - 35 rations
 S - 5 chunks of flesh


   Skills:
 + Level 12.6 Fighting
 - Level 14.3 Axes
 + Level 12.6 Armour
 + Level 12.6 Shields
 * Level 8.0 Invocations


You had 12 spell levels left.
You didn't know any spells.

Dungeon Overview and Level Annotations

Branches:
Dungeon (9/15)             Temple (1/1) D:6            Lair (6/6) D:8
 Shoals (0/4) Lair:2       Spider (0/4) Lair:2        Slime (0/5) Lair:5
    Orc: D:9-12

Altars:
Ashenzari
Cheibriados
Dithmenos
Elyvilon
Fedhas
Gozag
Hepliaklqana
Kikubaaqudgha
Nemelex Xobeh
Okawaru
Qazlal
Ru
Sif Muna
Trog
Uskayaw
Vehumet
Wu Jian
Xom
Yredelemnul
Zin
The Shining One
Beogh
Jiyva


Innate Abilities, Weirdness & Mutations

You reflexively headbutt those who attack you in melee.
You have a pair of horns on your head.


Message History

You feel protected from physical attacks.
You hit the catoblepas but do no damage.
You headbutt the catoblepas, but do no damage.
The catoblepas is almost dead.
You block the catoblepas's attack.
You hit the catoblepas but do no damage.
You headbutt the catoblepas, but do no damage.
The catoblepas is almost dead.
The catoblepas breathes a plume of calcifying dust at you.
The blast of calcifying dust hits you!
* * * LOW HITPOINT WARNING * * *
The catoblepas breathes a plume of calcifying dust at you.
The blast of calcifying dust hits you!
You feel much better.
The dream sheep shake their wool and sparkle.
You feel drowsy...
You fall asleep.
The catoblepas breathes a plume of calcifying dust at you.
The blast of calcifying dust hits you! The catoblepas gores you!!!
You die...

..... ##. ...## ###. ..<..
..#. ..## ## .....
#.......# ..... ..#....#
..... #.....P# ..... #k###
# ..... ##§..# # .....
###!YY§# . ##### ....P
##.##§@§# .. ##.##. ...(.
##...#§###..# #..... .....
#....#§.....# ##.... ...#.
#......#....# ##..... ####
##...#.....#.# ###...... .
#.÷....#...# # #.(......
## ##..#.#.#P..#
##.#...... # #.÷.#...#####
##.........
#...#...########.....P..P#


You could see a catoblepas, a lindwurm and a dream sheep.

Vanquished Creatures
  4 hydras
  2 death yaks (Lair:6)
  Pikel (D:4)
  A manticore (Lair:6)
  3 black mambas (Lair:4)
  13 elephants
  A torpor snail (Lair:6)
  9 spiny frogs
  3 rime drakes
  5 komodo dragons
  Grinder (D:4)
  A queen bee (Lair:2)
  18 blink frogs
  6 dream sheep
  10 hippogriffs
  Sigmund (D:2)
  Eustachio (D:4)
  6 basilisks
  15 yaks
  3 hogs (D:7)
  A human (D:7)
  A wyvern (Lair:5)
  Menkaure (D:7)
  A warg (Lair:6)
  9 water moccasins
  Duvessa (D:4)
  6 porcupines
  2 orc warriors
  A sky beast (D:7)
  A phantom (D:4)
  A black bear (D:8)
  2 ogres (D:6)
  13 wolves
  6 centaurs
  10 crocodiles
  A big kobold (Sewer)
  9 bullfrogs
  3 scorpions
  Dowan (D:4)
  19 killer bees (Lair:2)
  4 howler monkeys
  An electric eel (Lair:5)
  A crimson imp (D:8)
  2 hounds
  An orc priest (D:8)
  A bullfrog skeleton (D:7)
  4 orc wizards
  Natasha (thrice) (D:2)
  2 iguanas (D:8)
  11 worker ants
  A hound zombie (D:8)
  2 worker ant zombies
  13 adders
  2 river rats
  12 white imps
  2 adder zombies
  5 worms
  2 dart slugs
  3 leopard geckos
  27 orcs
  4 bats
  10 giant cockroaches
  3 goblins
  4 hobgoblins
  10 jackals
  2 quokkas
  6 frilled lizards
  6 kobolds
  A quokka zombie (D:7)
  9 rats
  A fungus (Lair:6)
  2 plants
350 creatures vanquished.

Vanquished Creatures (others)
  An orc wizard (D:4)
  5 orcs (D:4)
  A ball python (D:4)
  2 giant cockroaches (D:4)
  A bush (D:2)
  7 fungi
  9 plants
26 creatures vanquished.

Grand Total: 376 creatures vanquished

Notes
Turn   | Place    | Note
-------+----------+-------------------------------------------
     0 | D:1      | hpc the Minotaur Fighter began the quest for the Orb.
     0 | D:1      | Reached XP level 1. HP: 19/19 MP: 0/0
   217 | D:1      | Reached XP level 2. HP: 27/27 MP: 1/1
   468 | D:1      | Reached skill level 3 in Axes
   676 | D:2      | Noticed Sigmund
   689 | D:2      | Killed Sigmund
   689 | D:2      | Reached skill level 4 in Axes
   689 | D:2      | Reached XP level 3. HP: 8/34 MP: 2/2
   689 | D:2      | Reached XP level 4. HP: 10/41 MP: 3/3
   689 | D:2      | Reached XP level 5. HP: 11/47 MP: 4/4
  1106 | D:2      | Noticed Natasha
  1110 | D:2      | Killed Natasha
  1350 | D:2      | Reached skill level 5 in Axes
  1366 | D:2      | Noticed Natasha
  1391 | D:2      | Killed Natasha
  1671 | D:2      | Noticed Natasha
  1677 | D:2      | Killed Natasha
  1677 | D:2      | Reached XP level 6. HP: 55/55 MP: 5/5
  1884 | D:3      | Found a glowing drain.
  1888 | Sewer    | Entered a sewer
  1899 | Sewer    | Reached skill level 5 in Fighting
  1976 | Sewer    | Reached skill level 5 in Armour
  1976 | Sewer    | Reached skill level 5 in Shields
  1995 | Sewer    | Found a white marble altar of Elyvilon.
  2646 | D:4      | Noticed a slave
  2647 | D:4      | Noticed a slave
  2647 | D:4      | Noticed a slave
  2649 | D:4      | Noticed Pikel
  2652 | D:4      | Noticed a slave
  2671 | D:4      | Killed Pikel
  2671 | D:4      | Reached skill level 7 in Axes
  2671 | D:4      | Reached XP level 7. HP: 48/63 MP: 6/6
  2729 | D:4      | Noticed Eustachio
  2743 | D:4      | Killed Eustachio
  2743 | D:4      | Reached XP level 8. HP: 70/70 MP: 7/7
  2781 | D:4      | Got a pair of pitted gloves
  2791 | D:4      | Identified the cursed +0 pair of gloves "Dohiot" {*Slow MR+ Regen+ Dex+3} (You found it on level 4 of the Dungeon)
  2814 | D:4      | Noticed Grinder
  2815 | D:4      | Noticed Dowan
  2826 | D:4      | Noticed Duvessa
  2827 | D:4      | Killed Dowan
  2829 | D:4      | Paralysed by Grinder for 4 turns
  2846 | D:4      | Reached skill level 8 in Axes
  2852 | D:4      | Killed Duvessa
  2857 | D:4      | Killed Grinder
  3307 | D:5      | Entered Level 5 of the Dungeon
  3437 | D:5      | Reached skill level 9 in Axes
  3834 | D:6      | Reached XP level 9. HP: 50/79 MP: 8/8
  3999 | D:6      | Found a deep blue altar of Sif Muna.
  4109 | D:6      | Found a staircase to the Ecumenical Temple.
  4118 | Temple   | Entered the Ecumenical Temple
  4237 | Temple   | Became a worshipper of Qazlal Stormbringer
  4564 | D:7      | Reached skill level 10 in Axes
  4655 | D:7      | Reached * piety under Qazlal
  4680 | D:7      | Noticed Menkaure
  4692 | D:7      | Killed Menkaure
  5070 | D:8      | Found a staircase to the Lair.
  5073 | D:8      | Reached skill level 11 in Axes
  5076 | D:8      | Reached XP level 10. HP: 67/90 MP: 9/9
  5486 | D:8      | Found a bloodstained altar of Trog.
  5560 | D:8      | Found a roughly hewn altar of Beogh.
  5578 | D:8      | Reached ** piety under Qazlal
  5768 | Lair:1   | Entered Level 1 of the Lair of Beasts
  5942 | Lair:1   | Reached skill level 12 in Axes
  5967 | Lair:1   | Noticed a five-headed hydra
  5980 | Lair:1   | Killed a five-headed hydra
  6146 | Lair:1   | Noticed a spiny frog
  6153 | Lair:1   | Killed a spiny frog
  6380 | Lair:1   | Reached XP level 11. HP: 36/99 MP: 10/10
  6797 | Lair:2   | Reached skill level 10 in Fighting
  6797 | Lair:2   | Reached skill level 10 in Shields
  6905 | Lair:2   | Reached skill level 13 in Axes
  6905 | Lair:2   | Reached skill level 10 in Armour
  7189 | Lair:2   | Reached *** piety under Qazlal
  7305 | Lair:2   | Found a hole to the Spider Nest.
  7557 | Lair:2   | Found a staircase to the Shoals.
  7595 | Lair:2   | Reached skill level 14 in Axes
  8127 | Lair:3   | Reached **** piety under Qazlal
  8216 | Lair:3   | Reached XP level 12. HP: 110/110 MP: 11/11
  8285 | Lair:3   | Reached skill level 1 in Invocations
  9498 | Lair:4   | Noticed a five-headed hydra
  9513 | Lair:4   | Killed a five-headed hydra
  9529 | Lair:4   | HP: 5/110 [poisoned by a spiny frog]
 10425 | Lair:5   | Found a staircase to the Slime Pits.
 10425 | Lair:5   | Found a viscous altar of Jiyva.
 10461 | Lair:5   | Reached skill level 5 in Invocations
 10556 | Lair:5   | Noticed an eight-headed hydra
 10750 | Lair:5   | Found a frozen archway.
 10910 | Lair:5   | Reached ***** piety under Qazlal
 10916 | Lair:5   | Killed an eight-headed hydra
 11386 | Lair:5   | Noticed a four-headed hydra
 11394 | Lair:5   | Killed a four-headed hydra
 11419 | Lair:5   | Reached XP level 13. HP: 86/118 MP: 15/17
 11811 | Lair:6   | Entered Level 6 of the Lair of Beasts
 12723 | Lair:6   | Mangled by a catoblepas

Skill      XL: |  1  2  3  4  5  6  7  8  9 10 11 12 13 |
---------------+----------------------------------------+-----
Axes           | 4 5 7 9 11 12 14 | 14.3
Fighting       | 4 6 7 8 9 11 12 | 12.6
Armour         | 4 6 7 8 9 11 12 | 12.6
Shields        | 4 6 7 8 9 11 12 | 12.6
Invocations    | 6 8 |  8.0

Action                   |  1- 3 |  4- 6 |  7- 9 | 10-12 | 13-15 || total
-------------------------+-------+-------+-------+-------+-------++-------
Melee: War axe           |    39 |   197 |   225 |   609 |   123 ||  1193
       Headbutt          |     4 |    31 |    63 |   144 |    30 ||   272
       Morningstar       |       |       |       |    18 |       ||    18
Invok: Upheaval          |       |       |       |     1 |       ||     1
Evoke: Wand              |       |       |       |     8 |       ||     8
  Use: Potion            |     1 |       |     1 |     3 |     1 ||     6
       Scroll            |       |       |       |    23 |       ||    23
  Eat: Chunk             |       |     6 |     8 |    17 |     5 ||    36
       Ration            |       |       |       |     1 |       ||     1
Armor: Chain mail        |    21 |    14 |       |       |       ||    35
       Plate armour      |       |    78 |   131 |   309 |    45 ||   563
Dodge: Dodged            |    12 |    32 |    36 |   134 |    21 ||   235
       Deflected         |       |       |       |     2 |       ||     2
Block: Shield            |    20 |    94 |   163 |   628 |   124 ||  1029
